AoeStats
← BigOleGiraffe

Arena

509865272Analyzed
1v1 RM · 5d ago on Sep 28, 2026· 34m 28s· 2 players
Game mode
Random Map
Map size
Tiny (2 player)
Population
200
Speed
Normal
Resources
Standard
Victory
Conquest
Starting age
Dark Age
Ending age
Imperial Age
RankedLock teamsTeams togetherTeam positionsShared explorationLock speedFull tech treeHidden civsTurbo modeCheats
Victory
Defeat
🇨🇦 Khmer · Canada
1110
+18
🇨🇳 Franks · China
1145
-18
巨浪大切
10:07 Feudal Age
11:02 Double-Bit Axe
13:43 Castle Age
15:00 Bow Saw
21:13 Wheelbarrow
20:25 Loom
20:39 Gold Mining
22:06 Gold Shaft Mining
22:46 Hand Cart
27:06 Imperial Age
25:00 Scale Barding Armor
25:05 Forging
24:23 Light Cavalry
25:28 Caravan
25:34 Husbandry
26:25 Chain Barding Armor
27:14 Iron Casting
27:11 Cavalier
28:58 Plate Barding Armor
29:28 Chemistry
29:58 Blast Furnace
29:21 Paladin
BigOleGiraffe
9:56 Feudal Age
12:48 Castle Age
10:53 Double-Bit Axe
14:03 Bow Saw
17:46 Horse Collar
20:35 Heavy Plow
22:13 Wheelbarrow
22:26 Stone Mining
23:12 Gold Mining
24:45 Loom
25:23 Hand Cart
26:39 Ballistics
26:42 Scale Barding Armor
28:11 Fortified Wall
28:28 Husbandry
28:39 Bloodlines
30:20 Chain Barding Armor
30:01 Scale Mail Armor
30:59 Murder Holes
30:44 Pikeman
33:06 Scale Mail Armor
34:10 Chain Mail Armor
34:06 Forging
34:04 Tusk Swords
35:11 Redemption
Connection lost

Rejoining the realm…

Still unreachable

The connection could not be restored.

Session expired

The server has moved on; the page needs a fresh start.